 Dungeon Crawl Stone Soup version 0.22-a0-293-gc9362ec (webtiles) character file.

2814 matakusis the Summoner (level 9, -3/45 HPs)
             Began as a Deep Elf Summoner on Mar 24, 2018.
             Was an Elder of Sif Muna.
             Slain by a wyvern (8 damage)
             ... on level 8 of the Dungeon.
             The game lasted 00:36:28 (7990 turns).

matakusis the Summoner (Deep Elf Summoner)          Turns: 7990, Time: 00:36:29

Health: -3/45      AC:  3    Str:  5    XL:     9   Next: 44%
Magic:  5/24       EV: 17    Int: 24    God:    Sif Muna [****..]
Gold:   443        SH:  0    Dex: 15    Spells: 13/26 levels left

rFire    . . .     SeeInvis .   n - +4 dagger (venom)
rCold    . . .     Gourm    .   (no shield)
rNeg     . . .     Faith    .   a - +1 robe
rPois    .         Spirit   .   (no helmet)
rElec    .         Reflect  .   (no cloak)
rCorr    .         Harm     .   (no gloves)
MR       .....                  (no boots)
Stlth    ++........             b - amulet of inaccuracy (curse)
HPRegen  0.15/turn              v - +4 ring of evasion
MPRegen  0.19/turn              (no ring)

@: no status effects
A: no striking features
a: Divine Energy, Channel Magic, Forget Spell, Renounce Religion


You were on level 8 of the Dungeon.
You worshipped Sif Muna.
Sif Muna was greatly pleased with you.
You were hungry.

You visited 2 branches of the dungeon, and saw 10 of its levels.

You collected 443 gold pieces.

Inventory:

Hand Weapons
 n - a +4 dagger of venom (weapon)
 p - the +7 hunting sling "Zuefiakk" {velocity, Str+3 Dex+4}
   (You found it on level 6 of the Dungeon)

   Any stone fired from it inflicts extra damage.
   It affects your strength (+3).
   It affects your dexterity (+4).
Missiles
 g - 306 stones (quivered)
 l - 143 arrows
Armour
 a - a +1 robe (worn)
Jewellery
 b - a cursed amulet of inaccuracy (around neck)
 f - a +2 amulet of reflection
 h - an uncursed amulet of the gourmand
 j - an uncursed ring of fire
 k - an uncursed ring of ice
 r - an uncursed ring of fire
 u - an uncursed ring of fire
 v - a +4 ring of evasion (left hand)
 y - an uncursed amulet of guardian spirit
Wands
 d - a wand of iceblast (16)
 m - a wand of flame (24)
 q - a wand of scattershot (7)
 B - a wand of digging (15)
Scrolls
 x - 2 scrolls of enchant armour
 z - a scroll of teleportation
 D - a scroll of identify
Potions
 e - 6 potions of magic
 i - a potion of agility
 o - a potion of brilliance
 s - 2 potions of haste
 w - 2 potions of flight
 A - a potion of curing
 C - a potion of heal wounds
Comestibles
 c - 19 rations


   Skills:
 - Level 0.7 Short Blades
 - Level 2.4 Dodging
 - Level 2.4 Stealth
 + Level 9.1 Spellcasting
 * Level 10.8 Summonings
 * Level 6.0 Ice Magic
 - Level 3.0 Air Magic


You had 13 spell levels left.
You knew the following spells:

 Your Spells              Type           Power        Failure   Level  Hunger
a - Ozocubu's Armour      Chrm/Ice       ####....     4%          3    None
b - Call Imp              Summ           ######..     1%          2    None
c - Summon Ice Beast      Ice/Summ       ######..     1%          4    ##.....
d - Summon Lightning Spi  Summ/Air       #####...     3%          4    ##.....


Dungeon Overview and Level Annotations

Branches:
Dungeon (9/15)             Temple (1/1) D:4
   Lair: D:8-11         Orc: D:9-12

Altars:
Ashenzari
Cheibriados
Dithmenos
Elyvilon
Fedhas
Gozag
Hepliaklqana
Kikubaaqudgha
Makhleb
Nemelex Xobeh
Okawaru
Qazlal
Ru
Sif Muna
Trog
Uskayaw
Vehumet
Wu Jian
Xom
Yredelemnul
Zin
The Shining One

Shops:
D:6 (


Message History

You climb upwards.
Your summoned ally is left behind.
There is a stone staircase leading down here.
Casting: Summon Ice Beast (safe; 1% risk of failure)
Confirm with . or Enter, or press ? or * to list all spells.
Aiming: Summon Lightning Spire (safe; 3% risk of failure)
Press: ? - help, Dir - move target cursor An electric hum fills the air.
The wyvern bites you! The wyvern closely misses you.
Casting: Summon Lightning Spire (safe; 3% risk of failure)
Confirm with . or Enter, or press ? or * to list all spells.
A chill wind blows around you. The wyvern misses you.
Your lightning spire shoots out a bolt of lightning at the wyvern!
The bolt of electricity hits the wyvern.
Unknown command.
Casting: Summon Ice Beast (safe; 1% risk of failure)
Confirm with . or Enter, or press ? or * to list all spells.
A chill wind blows around you. The wyvern bites you!!
* * * LOW HITPOINT WARNING * * *
The wyvern bites you!
You die...

#..........# #..........#
#..........######################
#................................
#..........###..............###..
#.)........# #.......######......
#..........# #.......########..##
#..........# #...Y...............
############ #..@8)..#######.####
#Y..l...#######.#
#..<....##......#
####..........###
###............# #...#######....#
##.### #....###### ###..#
#......la.. #######...##
######....######


You could see a wyvern, 2 friendly ice beasts and a friendly lightning spire.

Vanquished Creatures
  A slime creature (D:7)
  A bullfrog (D:7)
  An orc wizard (D:4)
  A bullfrog skeleton (D:5)
  An iguana (D:6)
  An orc (D:5)
  A ball python (D:4)
  A bat (D:3)
  A giant cockroach (D:4)
  A frilled lizard (D:2)
  A kobold (D:5)
  2 plants (D:5)
13 creatures vanquished.

Vanquished Creatures (collateral kills)
  Pikel (D:7)
  A slime creature (D:7)
  Joseph (D:7)
  2 hippogriffs
  A wyvern (D:8)
  2 orc warriors
  2 ice beasts
  A black bear (D:7)
  2 necrophages
  A sky beast (D:6)
  A centaur (D:6)
  2 slaves (D:7)
  5 ogres
  A crocodile (D:8)
  5 big kobolds
  4 bullfrogs
  2 scorpions
  5 killer bees (D:8)
  A howler monkey (D:8)
  2 crimson imps (D:8)
  5 hounds
  4 jellies
  6 orc priests
  5 orc wizards
  2 iguanas
  A hound zombie (D:7)
  13 adders
  3 gnolls (D:4)
  5 oozes (D:7)
  An adder skeleton (D:4)
  A worm (D:2)
  3 dart slugs
  3 leopard geckos
  23 orcs
  A ball python (D:3)
  8 bats
  4 giant cockroaches
  5 hobgoblins
  13 jackals
  3 quokkas
  5 frilled lizards
  8 goblins
  26 kobolds
  A quokka skeleton (D:6)
  4 rats
  A plant (D:5)
196 creatures vanquished.

Vanquished Creatures (others)
  2 slaves (D:7)
  2 fungi (D:7)
  12 toadstools (D:7)
16 creatures vanquished.

Grand Total: 225 creatures vanquished

Notes
Turn   | Place    | Note
-------+----------+-------------------------------------------
     0 | D:1      | matakusis the Deep Elf Summoner began the quest for the Orb.
     0 | D:1      | Reached XP level 1. HP: 10/10 MP: 6/6
   379 | D:1      | Reached XP level 2. HP: 11/15 MP: 4/8
   383 | D:1      | Learned a level 2 spell: Call Imp
   645 | D:2      | Reached skill level 5 in Summonings
   772 | D:2      | Reached XP level 3. HP: 8/19 MP: 2/10
  1229 | D:2      | Found a basalt altar of Yredelemnul.
  1229 | D:2      | Found a glowing golden altar of the Shining One.
  1229 | D:2      | Found a blossoming altar of Fedhas.
  1616 | D:3      | Found a snail-covered altar of Cheibriados.
  1619 | D:3      | Found a shadowy altar of Dithmenos.
  1619 | D:3      | Found a stormy altar of Qazlal.
  1622 | D:3      | Found a hazy altar of Hepliaklqana.
  1735 | D:3      | Reached XP level 4. HP: 20/24 MP: 1/12
  1754 | D:3      | Learned a level 4 spell: Summon Ice Beast
  1759 | D:3      | Learned a level 4 spell: Summon Lightning Spire
  2082 | D:3      | Found a basalt altar of Yredelemnul.
  2303 | D:3      | Reached skill level 6 in Summonings
  2939 | D:4      | Reached skill level 1 in Ice Magic
  2939 | D:4      | Reached XP level 5. HP: 19/28 MP: 3/13
  2942 | D:4      | Noticed an orc warrior
  2950 | D:4      | Noticed an ogre
  2965 | D:4      | Killed an orc warrior
  2967 | D:4      | Killed an ogre
  3436 | D:4      | Found a sparkling altar of Nemelex Xobeh.
  3549 | D:4      | Found a staircase to the Ecumenical Temple.
  3560 | Temple   | Entered the Ecumenical Temple
  3652 | Temple   | Became a worshipper of Sif Muna the Loreminder
  3827 | D:5      | Entered Level 5 of the Dungeon
  3867 | D:5      | Reached XP level 6. HP: 32/32 MP: 10/15
  3879 | D:5      | Reached skill level 7 in Summonings
  3897 | D:5      | Reached skill level 5 in Spellcasting
  4111 | D:5      | Reached skill level 1 in Air Magic
  4326 | D:5      | Reached * piety under Sif Muna
  4464 | D:5      | Reached XP level 7. HP: 36/36 MP: 5/17
  5048 | D:6      | Found a shimmering altar of Xom.
  5048 | D:6      | Found Guifal's Weapon Shoppe.
  5121 | D:6      | Reached skill level 8 in Summonings
  5218 | D:6      | Got a pitted hunting sling
  5219 | D:6      | Identified the +7 hunting sling "Zuefiakk" {velocity, Str+3 Dex+4} (You found it on level 6 of the Dungeon)
  5377 | D:6      | Learned a level 3 spell: Ozocubu's Armour
  5870 | D:7      | Noticed a hippogriff
  5882 | D:7      | Killed a hippogriff
  5882 | D:7      | Reached ** piety under Sif Muna
  5910 | D:7      | Reached XP level 8. HP: 41/41 MP: 13/19
  5978 | D:7      | Noticed Pikel
  5993 | D:7      | Killed Pikel
  6017 | D:7      | Reached skill level 9 in Summonings
  6118 | D:7      | Noticed Joseph
  6164 | D:7      | HP: 2/41 [Joseph/quarterstaff (10)]
  6830 | D:7      | Noticed a slime creature
  6881 | D:7      | Killed a slime creature
  6881 | D:7      | Reached skill level 5 in Ice Magic
  6916 | D:7      | Reached *** piety under Sif Muna
  7080 | D:7      | Killed a large slime creature
  7232 | D:7      | Killed Joseph
  7232 | D:7      | Reached skill level 10 in Summonings
  7232 | D:7      | Reached XP level 9. HP: 45/45 MP: 7/23
  7345 | D:8      | Found a sand-covered staircase.
  7594 | D:8      | Reached **** piety under Sif Muna
  7984 | D:9      | Noticed a two-headed ogre
  7985 | D:9      | Noticed a two-headed ogre
  7990 | D:8      | Slain by a wyvern

Vault maps used:
D:1:      evilmike_arrival_hilbert_curve
D:2:      gammafunk_temple_overflow_forgotten
D:3:      grunt_temple_overflow_open, yredelemnul_altar_generic
D:4:      nemelex_altar_shiori, minmay_temple_entry_nine_rooms
D:5:      kennysheep_kobold_camp, first_ration, minmay_misc_feat_more_columns
D:6:      serial_shops, shop, brannock_xom_greatest_gift
D:7:      cheibrodos_fertilizer, uniq_pikel, uniq_joseph
D:8:      enter_ossuary_2
D:9:      david_orc_5, uniq_erolcha, uniq_psyche
Temple:   jpeg_temple_clearing

Skill      XL: |  1  2  3  4  5  6  7  8  9 |
---------------+----------------------------+-----
Summonings     | 5 6 7 8 10 | 10.8
Spellcasting   | 4 5 6 8 9 |  9.1
Ice Magic      | 1 2 3 5 6 |  6.0
Air Magic      | 1 3 |  3.0
Short Blades   | |  0.7
Dodging        | |  2.4
Stealth        | |  2.4

Action                   |  1- 3 |  4- 6 |  7- 9 || total
-------------------------+-------+-------+-------++-------
Melee: Unarmed           |    10 |       |       ||    10
       Dagger            |       |    26 |    64 ||    90
 Fire: Hunting sling     |       |       |     1 ||     1
 Cast: Summon Small Mamm |    27 |       |       ||    27
       Call Imp          |    43 |    20 |       ||    63
       Summon Lightning  |       |    14 |    36 ||    50
       Summon Ice Beast  |       |    10 |    42 ||    52
  Use: Scroll            |     3 |     3 |    10 ||    16
       Potion            |       |     2 |     4 ||     6
 Stab: Distracted        |       |     1 |     1 ||     2
  Eat: Chunk             |     3 |    13 |     7 ||    23
       Ration            |       |       |     3 ||     3
Armor: Robe              |    11 |     4 |     5 ||    20
Dodge: Dodged            |    49 |    29 |    37 ||   115
Block: Other             |     2 |     4 |     2 ||     8

Table legend:
 A = Spawn XP
 B = Non-spawn XP
 C = Spawn XP percentage of total XP
 D = Spawn monster count
 E = Non-spawn monster count
 F = Spawn count percentage of total count
 G = Total turns spent on level
                    A         B        C        D         E        F      G
               +---------+---------+-------+---------+---------+-------+---------
         Total |       0 |    4020 |   0.0 |       0 |     204 |   0.0 |  7990
               +---------+---------+-------+---------+---------+-------+---------
           D:1 |       0 |      15 |   0.0 |       0 |      14 |   0.0 |   633
           D:2 |       0 |      67 |   0.0 |       0 |      26 |   0.0 |   908
           D:3 |       0 |      84 |   0.0 |       0 |      28 |   0.0 |  1251
           D:4 |       0 |     204 |   0.0 |       0 |      18 |   0.0 |   920
           D:5 |       0 |     387 |   0.0 |       0 |      39 |   0.0 |  1178
           D:6 |       0 |     411 |   0.0 |       0 |      17 |   0.0 |   719
           D:7 |       0 |    1842 |   0.0 |       0 |      30 |   0.0 |  1518
           D:8 |       0 |    1006 |   0.0 |       0 |      30 |   0.0 |   742
           D:9 |       0 |       4 |   0.0 |       0 |       2 |   0.0 |     6
               +---------+---------+-------+---------+---------+-------+---------
